 Dungeon Crawl Stone Soup version 0.16.1-14-g82efdee (webtiles) character file.

3196 KarvaRausku the Cleaver (level 9, -5/74 HPs)
             Began as a Black Draconian Berserker on Apr 12, 2015.
             Was a High Priest of Trog.
             Slain by a killer bee (9 damage)
             ... on level 8 of the Dungeon.
             The game lasted 00:28:15 (8716 turns).

KarvaRausku the Cleaver (Black Draconian Berserker) Turns: 8716, Time: 00:28:15

Health: -5/74      AC: 10    Str: 21    XL:     9   Next: 64%
Magic:  9/9        EV: 16    Int:  8    God:    Trog [*****.]
Gold:   372        SH:  6    Dex: 12    Spells: 0 memorised, 8 levels left

rFire  . . .     SeeInvis .     R - +0 war axe (vamp)
rCold  . . .     Clarity  .     (armour unavailable)
rNeg   . . .     SustAb   +     n - +3 buckler
rPois  .         Gourm    .     (helmet restricted)
rElec  +         Spirit   .     i - +0 cloak
rCorr  .         Warding  .     b - +0 pair of gloves
rMut   .         Stasis   .     L - +0 pair of boots
MR     .....                    P - amulet of regeneration
Stlth  +.........               W - ring of sustain abilities
                                o - +3 ring of evasion

@: exhausted, not resistant to hostile enchantments, very unstealthy
A: breathe lightning, unfitting armour, electricity resistance, cold-blooded, AC
+7
a: Breathe Lightning, Burn Spellbooks, Berserk, Trog's Hand, Brothers in Arms,
Renounce Religion


You were on level 8 of the Dungeon.
You worshipped Trog.
Trog was extremely pleased with you.
You were not hungry.

You visited 1 branch of the dungeon, and saw 8 of its levels.
You also visited: Sewer.

You collected 372 gold pieces.

Inventory:

Hand weapons
 a - a +0 hand axe
 k - a +2 quarterstaff of chaos
 G - a +0 war axe
 R - a +0 vampiric war axe (weapon)
Missiles
 e - 2 throwing nets (quivered)
 U - 2 javelins of penetration
Armour
 b - a +0 pair of gloves (worn)
 i - a +0 cloak (worn)
 l - a +0 cloak
 m - a +0 pair of boots
 n - a +3 buckler (worn)
 L - a +0 pair of boots (worn)
Jewellery
 o - a +3 ring of evasion (left hand)
 H - an uncursed ring of wizardry
 P - an amulet of regeneration (around neck)
 W - a ring of sustain abilities (right hand)
Magical devices
 s - a wand of enslavement (13)
 K - a wand of disintegration (9)
 O - a wand of magic darts (24)
 T - a wand of draining (6)
Scrolls
 d - 8 scrolls of identify
 g - 2 scrolls of enchant armour
 p - 4 scrolls of teleportation {unknown}
 q - 2 scrolls of enchant weapon {unknown}
 t - 2 scrolls of blinking {unknown}
 v - a scroll of amnesia {unknown}
 w - 2 scrolls of remove curse
 y - 3 scrolls of fear {unknown}
 C - 4 scrolls of magic mapping
 E - 4 scrolls of recharging {unknown}
 M - 2 scrolls of fog {unknown}
 N - a scroll of random uselessness {unknown}
 Q - a scroll of noise {unknown}
 S - a scroll of summoning {unknown}
 X - a scroll of immolation {unknown}
Potions
 f - 9 potions of curing
 j - 2 potions of lignification {unknown}
 r - 2 potions of magic {unknown}
 u - 3 potions of agility {unknown}
 x - 6 potions of heal wounds
 z - a potion of flight {unknown}
 A - a potion of brilliance {unknown}
 B - 4 potions of might {unknown}
 J - a potion of haste {unknown}
 V - a potion of berserk rage {unknown}
Comestibles
 c - 7 bread rations
 h - 5 meat rations
 D - a royal jelly
 F - 2 beef jerkies
 I - 2 fruits


   Skills:
 + Level 5.2 Fighting
 + Level 12.1 Axes
 * Level 5.4 Dodging


You had 8 spell levels left.
You didn't know any spells.

Dungeon Overview and Level Annotations

Branches:
Dungeon (8/15)             Temple (0/1) D:4            Lair (0/8) D:8

Altars:
Ashenzari
Dithmenos
Fedhas
Qazlal
Zin

Shops:
D:5 :%   D:7 %


Innate Abilities, Weirdness & Mutations

You can breathe wild blasts of lightning.
Your glossy black scales are hard (AC +7).
Your body does not fit into most forms of armour.
You are resistant to electric shocks.
Your cold-blooded metabolism reacts poorly to cold.


Message History

You are more poisoned.
The killer bee poisons you!
Drink which item? (? for menu, Esc to quit)
You feel better. The killer bee stings you!
* * * LOW HITPOINT WARNING * * *
The killer bee stings you.
* * * LOW HITPOINT WARNING * * *
The killer bee closely misses you. The queen bee closely misses you.
You block the killer bee's attack. The queen bee barely misses you.
The killer bee closely misses you.
Drink which item? (? for menu, Esc to quit)
It was a potion of heal wounds.
You feel much better.
You feel yourself speed up. The killer bee stings you!
* * * LOW HITPOINT WARNING * * *
The killer bee misses you. The killer bee closely misses you.
The queen bee stings you!
* * * LOW HITPOINT WARNING * * *
The killer bee stings you!
You die...

,,,....###......................#
**####.#*#.#####....###....##.#..
* #..,..# #...........##.### *
###*### #....###...###.# # *
##.#.......## #.# # *
#..#..######**#.# # *
#............,#.# #
#.yy.(####..,,..# *
#.@.####.#,*,,###**
##..#,#.#,**,,,,,,,
#.###y#,*,**,,****
#..#.#,*,*,*,,* ##.#.#y#,*,**,,*
############ #..##.#.#,***,,*
#..........####...##.#%#,*,,,*
#.########........#,##.#*,,,,*
..# ######.....#**#,,,,,*


You could see a queen bee and a killer bee (berserk).

Vanquished Creatures
  6 centaurs
  2 phantoms
  2 ogres
  Sigmund (D:6)
  A big kobold (Sewer)
  4 giant frogs
  A gnoll sergeant (D:5)
  2 scorpions
  12 killer bees (D:8)
  The ghost of KarvaRausku the Chopper, a weakling DrBe of Trog (D:3)
  3 goliath beetles
  A giant frog zombie (D:5)
  A giant frog skeleton (D:5)
  2 centaur zombies (D:5)
  A jelly (D:6)
  3 crimson imps
  A hound (D:5)
  Crazy Yiuf (D:2)
  2 orc priests
  A centaur skeleton (D:6)
  An orc wizard (D:8)
  4 iguanas (D:4)
  8 worker ants
  Ijyb (D:6)
  A hound skeleton (D:4)
  9 gnolls
  5 river rats (Sewer)
  9 adders
  3 giant mites (D:3)
  2 shadow imps (D:7)
  A worm (D:2)
  2 adder skeletons
  3 oozes
  16 orcs
  5 ball pythons
  10 bats
  A bat skeleton (D:6)
  5 giant cockroaches
  10 hobgoblins
  9 jackals
  31 kobolds
  6 quokkas
  5 giant geckos
  3 giant newts
  13 goblins
  26 rats
237 creatures vanquished.

Notes
Turn   | Place    | Note
--------------------------------------------------------------
     0 | D:1      | KarvaRausku, the Draconian Berserker, began the quest for the Orb.
     0 | D:1      | Reached XP level 1. HP: 19/19 MP: 1/1
    42 | D:1      | Reached XP level 2. HP: 2/26 MP: 2/2
  1197 | D:2      | Reached XP level 3. HP: 22/31 MP: 3/3
  1318 | D:2      | Found a shadowy altar of Dithmenos.
  1404 | D:2      | Acquired Trog's second power
  1405 | D:2      | Reached skill level 4 in Axes
  1533 | D:2      | Noticed Crazy Yiuf
  1542 | D:2      | Killed Crazy Yiuf
  1542 | D:2      | Reached XP level 4. HP: 38/38 MP: 4/4
  1749 | D:2      | Found a stormy altar of Qazlal.
  1764 | D:2      | Found a blossoming altar of Fedhas.
  1854 | D:2      | Found a glowing silver altar of Zin.
  2063 | D:3      | Noticed a centaur
  2214 | D:3      | Reached skill level 5 in Axes
  2480 | D:3      | Noticed KarvaRausku's ghost (weakling DrBe)
  2494 | D:3      | Killed KarvaRausku's ghost
  2494 | D:3      | Reached XP level 5. HP: 45/45 MP: 5/5
  2603 | D:3      | Found a glowing drain.
  2626 | Sewer    | Entered a sewer
  2749 | Sewer    | Reached skill level 6 in Axes
  2999 | Sewer    | Reached XP level 6. HP: 37/51 MP: 6/6
  3102 | Sewer    | Acquired Trog's third power
  3417 | Sewer    | Reached skill level 7 in Axes
  4267 | D:4      | Killed a centaur
  4267 | D:4      | Reached skill level 8 in Axes
  4267 | D:4      | Your scales start taking on a glossy black colour.
  4267 | D:4      | Gained mutation: You are resistant to electric shocks. [draconian maturity]
  4267 | D:4      | Reached XP level 7. HP: 25/57 MP: 7/7
  5031 | D:4      | Reached skill level 9 in Axes
  5049 | D:4      | Found a staircase to the Ecumenical Temple.
  5394 | D:5      | Entered Level 5 of the Dungeon
  5618 | D:5      | Reached XP level 8. HP: 44/63 MP: 8/8
  5684 | D:5      | Found Curazul's Book Shoppe.
  5728 | D:5      | Found Stumecwa's Food Emporium.
  5765 | D:5      | Reached skill level 10 in Axes
  6361 | D:5      | Found a shattered altar of Ashenzari.
  6394 | D:5      | Reached skill level 11 in Axes
  6540 | D:6      | Noticed Ijyb
  6552 | D:6      | Killed Ijyb
  6650 | D:6      | Noticed Sigmund
  6728 | D:6      | Killed Sigmund
  6898 | D:6      | Reached XP level 9. HP: 70/70 MP: 9/9
  7657 | D:7      | Received a gift from Trog
  7984 | D:7      | Found Leasacen's Food Boutique.
  8542 | D:8      | Reached skill level 12 in Axes
  8570 | D:8      | Found a staircase to the Lair.
  8617 | D:8      | Reached skill level 5 in Dodging
  8679 | D:8      | Reached skill level 5 in Fighting
  8715 | D:8      | HP: 1/74 [killer bee (5)]
  8716 | D:8      | Slain by a killer bee

Action                   |  1- 3 |  4- 6 |  7- 9 || total
-------------------------+-------+-------+-------++-------
Melee: Hand axe          |   103 |   278 |   238 ||   619
       War axe           |       |       |   308 ||   308
Throw: Throwing net      |       |     1 |       ||     1
Invok: Berserk           |     1 |     6 |     5 ||    12
  Use: Scroll            |       |     1 |     3 ||     4
       Potion            |       |       |     4 ||     4
  Eat: Chunk             |     2 |    14 |    19 ||    35
       Pizza             |       |     1 |     1 ||     2
       Meat ration       |       |       |     1 ||     1
       Royal jelly       |       |       |     1 ||     1
       Fruit             |       |       |     1 ||     1
